 Dungeon Crawl Stone Soup version 0.19.1-1-g22dce08 (webtiles) character file.

1404 ImaNewbie the Jinx (level 9, -6/45 HPs)
             Began as a Kobold Enchanter on Jan 8, 2017.
             Was a Follower of Dithmenos.
             Killed from afar by Pikel (25 damage)
             ... with a wand of lightning
             ... on level 7 of the Dungeon.
             The game lasted 00:22:45 (7411 turns).

ImaNewbie the Jinx (Kobold Enchanter)               Turns: 7411, Time: 00:22:46

Health: -6/45      AC:  4    Str:  6    XL:     9   Next: 1%
Magic:  10/12      EV: 15    Int: 16    God:    Dithmenos [*.....]
Gold:   264        SH:  0    Dex: 18    Spells: 4 memorised, 3 levels left

rFire  + + .     SeeInvis .     a - +1 dagger
rCold  + . .     Gourm    .     v - +1 robe
rNeg   . . .     Faith    .     (shield restricted)
rPois  .         Spirit   .     (no helmet)
rElec  .         Reflect  .     (no cloak)
rCorr  .         Harm     .     g - +0 pair of gloves
MR     .....                    (no boots)
Stlth  +++++.....               k - amulet of rage
                                (no ring)
                                A - ring "Imeluywk" {*Contam rF++ rC+}

@: wreathed by umbra
A: carnivore 3
a: Renounce Religion, Evoke Berserk Rage


You were on level 7 of the Dungeon.
You worshipped Dithmenos.
Dithmenos was aware of your devotion.
You were very full.

You visited 1 branch of the dungeon, and saw 7 of its levels.

You collected 264 gold pieces.

Inventory:

Hand Weapons
 a - a +1 dagger (weapon)
 b - a +0 blowgun
Missiles
 h - 30 poisoned needles
 l - 16 bolts
Armour
 g - a +0 pair of gloves (worn)
 v - a +1 robe (worn)
Jewellery
 k - an amulet of rage (around neck)
 A - the ring "Imeluywk" (left hand) {*Contam rF++ rC+}
   (You found it on level 4 of the Dungeon)

   [ring of protection from cold]

   It greatly protects you from fire.
   It protects you from cold.
   It causes magical contamination when unequipped.
Wands
 x - a wand of confusion (17/48)
 y - a wand of iceblast (3/15)
Scrolls
 e - 2 scrolls of remove curse
 i - 2 scrolls of recharging
 o - 4 scrolls of immolation {unknown}
 q - 2 scrolls of blinking {unknown}
 r - a scroll of identify
 t - 3 scrolls of enchant weapon {unknown}
 w - a scroll of fog
 D - a scroll of holy word {unknown}
 E - a scroll of fear {unknown}
 H - a scroll of enchant armour {unknown}
 I - 3 scrolls of teleportation {unknown}
Potions
 f - 3 potions of curing
 j - a potion of brilliance
 m - 2 potions of invisibility
 s - 4 potions of haste
 u - a potion of resistance {unknown}
 z - a potion of agility {unknown}
 B - a potion of degeneration {unknown}
 J - a potion of cure mutation {unknown}
Books
 c - a book of Maledictions

   Spells                             Type                      Level
   a - Corona                         Hexes                        1
   b - Ensorcelled Hibernation        Hexes/Ice                    2
   c - Confuse                        Hexes                        3
   d - Tukima's Dance                 Hexes                        3
   e - Dazzling Spray                 Conjuration/Hexes            3
 F - a book of Necromancy

   Spells                             Type                      Level
   a - Pain                           Necromancy                   1
   b - Animate Skeleton               Necromancy                   1
   c - Vampiric Draining              Necromancy                   3
   d - Regeneration                   Charms/Necromancy            3
   e - Animate Dead                   Necromancy                   4
   f - Control Undead                 Necromancy                   4
Comestibles
 d - 3 meat rations
 n - a beef jerky
 p - 2 royal jellies
 C - a slice of pizza


   Skills:
 - Level 6.0 Short Blades
 - Level 2.4 Dodging
 - Level 7.2 Stealth
 - Level 2.1 Spellcasting
 - Level 8.0 Hexes
 + Level 3.5 Ice Magic


You had 3 spell levels left.
You knew the following spells:

 Your Spells              Type           Power        Failure   Level  Hunger
a - Corona                Hex            ####...      1%          1    #......
b - Ensorcelled Hibernat  Hex/Ice        ###...       3%          2    ###....
c - Tukima's Dance        Hex            ####....     1%          3    ###....
d - Confuse               Hex            ####....     1%          3    ###....


Dungeon Overview and Level Annotations

Branches:
Dungeon (7/15)             Temple (0/1) D:4

Altars:
Dithmenos
Fedhas
Xom
The Shining One

Annotations:
D:7 Pikel


Innate Abilities, Weirdness & Mutations

You are small and have problems with some larger weapons.
You are carnivorous and can eat meat at any time.


Message History

Confirm with . or Enter, or press ? or * to list all spells.
Aiming: Ensorcelled Hibernation
Press: ? - help, Shift-Dir - straight line, f - Pikel
Aim: Pikel, wielding a whip of flaming and wearing a robe (chance to defeat MR: 50%) Pikel looks drowsy...
The slave shouts!
The slave completely misses you. The slave hits you! The slave misses you.
The slave barely misses you.
Pikel shouts!
Casting: Ensorcelled Hibernation
Confirm with . or Enter, or press ? or * to list all spells.
Aiming: Ensorcelled Hibernation
Press: ? - help, Shift-Dir - straight line, f - slave, p - Pikel
Aim: a slave, wearing an animal skin (umbra, chance to defeat MR: 50%)
Okay, then.
You hear a shout!
The slave completely misses you.
Pikel zaps a wand.
The bolt of lightning hits you! x2
Ouch! That really hurt!
You die...

#.......<.# ..#
#..?...p@.#...#
#.......p.....#
......Kp....##..
................
...##.#....###..
.# ..p#.#..# .
.........#
............
.... ........
.... .....####


You could see Pikel and 4 slaves.

Vanquished Creatures
  An ice beast (D:4)
  5 ogres
  A centaur (D:6)
  A bullfrog (D:6)
  4 scorpions
  A howler monkey (D:6)
  A hound (D:4)
  A jelly (D:6)
  A quasit (D:5)
  2 crimson imps (D:5)
  An orc priest (D:6)
  2 orc wizards (D:5)
  An iguana (D:4)
  2 worker ants
  A hound skeleton (D:6)
  A worker ant zombie (D:3)
  A howler monkey zombie (D:5)
  6 adders
  A shadow imp (D:5)
  2 worms (D:4)
  2 dart slugs
  2 leopard geckos
  16 orcs
  3 ball pythons
  6 giant cockroaches
  5 goblins
  7 hobgoblins
  3 kobolds
  3 quokkas
  4 bats
  4 frilled lizards
  A jackal zombie (D:5)
  2 leopard gecko skeletons
  2 leopard gecko zombies
  A quokka skeleton (D:5)
  12 rats
109 creatures vanquished.

Notes
Turn   | Place    | Note
-------+----------+-------------------------------------------
     0 | D:1      | ImaNewbie the Kobold Enchanter began the quest for the Orb.
     0 | D:1      | Reached XP level 1. HP: 10/10 MP: 3/3
   287 | D:1      | Reached XP level 2. HP: 11/15 MP: 5/5
   889 | D:1      | Reached XP level 3. HP: 15/19 MP: 6/6
  1230 | D:1      | Learned a level 2 spell: Ensorcelled Hibernation
  1234 | D:1      | Learned a level 3 spell: Tukima's Dance
  2154 | D:3      | Found a faded altar of an unknown god.
  2212 | D:3      | Reached XP level 4. HP: 24/24 MP: 7/7
  2223 | D:3      | Found a shimmering altar of Xom.
  2267 | D:3      | Reached skill level 4 in Hexes
  2509 | D:3      | Found a glowing golden altar of the Shining One.
  2826 | D:3      | Found a shadowy altar of Dithmenos.
  2834 | D:3      | Became a worshipper of Dithmenos the Shadowed
  2940 | D:3      | Reached XP level 5. HP: 18/28 MP: 6/8
  3446 | D:4      | Noticed an ogre
  3904 | D:4      | Reached skill level 5 in Short Blades
  3904 | D:4      | Reached skill level 5 in Hexes
  3904 | D:4      | Reached XP level 6. HP: 32/32 MP: 9/9
  3964 | D:4      | Killed an ogre
  4033 | D:4      | Got a sparkling platinum ring
  4034 | D:4      | Identified the ring "Imeluywk" {*Contam rF++ rC+} (You found it on level 4 of the Dungeon)
  4403 | D:4      | Found a staircase to the Ecumenical Temple.
  4557 | D:4      | Reached XP level 7. HP: 23/36 MP: 5/10
  4656 | D:5      | Entered Level 5 of the Dungeon
  4674 | D:4      | Learned a level 3 spell: Confuse
  4694 | D:4      | Reached skill level 6 in Hexes
  4919 | D:5      | Reached skill level 5 in Stealth
  5377 | D:5      | Reached * piety under Dithmenos
  5711 | D:5      | Reached XP level 8. HP: 20/41 MP: 0/11
  6059 | D:5      | Reached skill level 7 in Hexes
  6492 | D:6      | Reached skill level 8 in Hexes
  6523 | D:6      | Reached skill level 1 in Ice Magic
  6668 | D:6      | Found a blossoming altar of Fedhas.
  6895 | D:6      | Reached XP level 9. HP: 43/45 MP: 7/12
  7202 | D:6      | Found a blossoming altar of Fedhas.
  7403 | D:7      | Noticed Pikel
  7411 | D:7      | Killed from afar by Pikel

Skill      XL: |  1  2  3  4  5  6  7  8 |
---------------+-------------------------+-----
Short Blades   | 2 3 4 5 6 |  6.0
Hexes          | 4 5 6 8 |  8.0
Stealth        | 5 7 |  7.2
Ice Magic      | 3 |  3.5
Dodging        | |  2.4
Spellcasting   | |  2.1

Action                   |  1- 3 |  4- 6 |  7- 9 || total
-------------------------+-------+-------+-------++-------
Melee: Dagger            |   193 |   159 |   264 ||   616
 Cast: Ensorcelled Hiber |     1 |    19 |    41 ||    61
       Corona            |       |     1 |     1 ||     2
       Confuse           |       |       |    10 ||    10
 Abil: Evoke Berserk Rag |     1 |       |       ||     1
  Use: Scroll            |     7 |       |     2 ||     9
       Potion            |       |     1 |       ||     1
 Stab: Sleeping          |     6 |    15 |    22 ||    43
       Confused          |       |       |     6 ||     6
  Eat: Chunk             |    14 |     7 |    14 ||    35
Armor: Robe              |    59 |    19 |    26 ||   104
Dodge: Dodged            |   137 |    88 |   132 ||   357
